 Dungeon Crawl Stone Soup version 0.22-a0-469-gf26638a71f (webtiles) character file.

4481 Foic the Grappler (level 10, -21/92 (94) HPs)
             Began as a Troll Abyssal Knight on June 12, 2018.
             Was a High Priest of Lugonu.
             Demolished by a two-headed ogre
             ... wielding a +0 giant club
              (28 damage)
             ... on level 8 of the Dungeon.
             The game lasted 00:43:48 (8005 turns).

Foic the Grappler (Troll Abyssal Knight)            Turns: 8005, Time: 00:43:49

HP:   -21/92 (94)   AC:  8    Str: 24    XL:     10   Next: 16%
MP:   9/13          EV: 11    Int:  8    God:    Lugonu [*****.]
Gold: 440           SH:  0    Dex: 10    Spells: 7/9 levels left

rFire    . . .     SeeInvis .     - Unarmed
rCold    . . .     Gourm    +   (no shield)
rNeg     + . .     Faith    .   a - +0 robe
rPois    .         Spirit   .   (helmet restricted)
rElec    .         Reflect  .   C - +2 cloak
rCorr    .         Harm     .   (gloves unavailable)
MR       +....                  (boots unavailable)
Stlth    +.........             x - amulet of rage
HPRegen  0.65/turn              g - ring of protection from magic
MPRegen  0.13/turn              D - ring of positive energy

@: no status effects
A: large, unfitting armour, claws 3, fast metabolism 3, gourmand, regeneration
1, shaggy fur 1, tough skin 2
a: Depart the Abyss, Bend Space, Banish, Corrupt, Enter the Abyss, Renounce
Religion, Evoke Berserk Rage


You were on level 8 of the Dungeon.
You worshipped Lugonu.
Lugonu was extremely pleased with you.
You were completely stuffed.

You visited 1 branch of the dungeon, and saw 9 of its levels.
You visited the Abyss 1 time.

You collected 440 gold pieces.

Inventory:

Hand Weapons
 h - the cursed +2 falchion "Iron" {slice, Dex+3, unknown}
   (You found it on level 4 of the Dungeon)

   It inflicts extra damage upon your enemies.
   It affects your dexterity (+3).
   It has a curse placed upon it.
Missiles
 i - 221 stones (quivered)
 w - 4 silver tomahawks
 B - 3 large rocks
 I - 12 tomahawks
Armour
 a - a +0 robe (worn)
 C - a +2 cloak (worn)
 G - the +2 shield of the Jackalope {rN+ Int+2, unknown}
   (You found it on level 7 of the Dungeon)

   It affects your intelligence (+2).
   It protects you from negative energy.
Jewellery
 g - a ring of protection from magic (left claw)
 v - an uncursed ring of protection from fire
 x - an amulet of rage (around neck)
 D - a ring of positive energy (right claw)
 H - an uncursed ring of protection from cold
 L - a cursed -3 ring of strength
Wands
 q - a wand of iceblast (13)
 E - a wand of disintegration (9)
Scrolls
 d - 3 scrolls of fear
 e - 2 scrolls of teleportation
 f - a scroll of acquirement {unknown}
 j - 3 scrolls of identify
 k - a scroll of immolation
 n - 4 scrolls of enchant armour
 s - 7 scrolls of remove curse
 u - a scroll of magic mapping
 y - 3 scrolls of fog
 A - a scroll of amnesia
 J - a scroll of blinking
Potions
 c - 6 potions of heal wounds {unknown}
 l - 2 potions of degeneration {unknown}
 m - a potion of might {unknown}
 o - a potion of cancellation {unknown}
 p - a potion of mutation {unknown}
 r - 3 potions of curing {unknown}
 t - 2 potions of invisibility {unknown}
 z - a potion of magic
 F - 2 potions of flight {unknown}
Comestibles
 b - 15 rations
 K - 3 chunks of flesh


   Skills:
 + Level 4.4 Fighting
 + Level 0.7 Throwing
 + Level 5.1 Dodging
 - Level 0.3 Stealth
 + Level 11.1 Unarmed Combat
 + Level 0.3 Spellcasting
 + Level 0.3 Summonings
 * Level 6.0 Invocations


You had 7 spell levels left.
You knew the following spells:

 Your Spells              Type           Power        Failure   Level  Hunger
a - Call Imp              Summ           #.......     50%         2    ###....

Your spell library contained the following spells:

 Spells                   Type           Power        Failure   Level  Hunger
 Magic Dart               Conj           #...         41%         1    ##.....
 Lightning Bolt           Conj/Air       #.........   100%        5    ######.
 Confuse                  Hex            #.......     78%         3    ####...
 Summon Small Mammal      Summ           #...         36%         1    ##.....
 Iskenderun's Mystic Bla  Conj           #.......     99%         4    #####..
 Summon Ice Beast         Ice/Summ       #.......     99%         4    #####..
 Tukima's Dance           Hex            #.......     78%         3    ####...
 Shock                    Conj/Air       #...         41%         1    ##.....
 Swiftness                Chrm/Air       #.......     54%         2    ###....
 Airstrike                Air            #.........   99%         4    #####..
 Call Canine Familiar     Summ           #.......     75%         3    ####...
 Ensorcelled Hibernation  Hex/Ice        #.....       54%         2    ###....
 Static Discharge         Conj/Air       #.......     78%         3    ####...
 Corona                   Hex            #......      41%         1    ##.....
 Fulminant Prism          Conj/Hex       #.........   99%         4    #####..
 Dazzling Spray           Conj/Hex       #.....       78%         3    ####...
 Force Lance              Conj/Tloc      #.......     99%         4    #####..
 Searing Ray              Conj           #.....       54%         2    ###....
 Summon Lightning Spire   Summ/Air       #.......     99%         4    #####..
 Summon Guardian Golem    Hex/Summ       #.......     77%         3    ####...


Dungeon Overview and Level Annotations

Branches:
Dungeon (9/15)             Temple (0/1) D:4
   Lair: D:8-11         Orc: D:9-12

Altars:
Ashenzari
Elyvilon
Gozag
Hepliaklqana
Kikubaaqudgha
Makhleb
Nemelex Xobeh
Okawaru
Qazlal
Ru
Trog
Wu Jian

Shops:
D:5 ?==

Annotations:
D:5 Jewlery shop


Innate Abilities, Weirdness & Mutations

You are too large for most types of armour.
You have claws for hands.
Your metabolism is lightning-fast.
You like to eat raw meat.
Your natural rate of healing is unusually fast.
You are covered in fur. (AC +1)
You have very tough skin. (AC +2)


Message History

You feel somewhat less full.
The two-headed ogre hits you with a giant club!!
* * * LOW HITPOINT WARNING * * *
The two-headed ogre hits you with a giant spiked club!
* * * LOW HITPOINT WARNING * * *
Press: ? - help, Shift-Dir - straight line, f/p - two-headed ogre
Aim: a two-headed ogre, wielding a giant club and a giant spiked club (chance to defeat MR: 71%)
You fail to use your ability.
Okay, then.
Press: ? - help, Shift-Dir - straight line, f/p - two-headed ogre
Aim: a two-headed ogre, wielding a giant club and a giant spiked club (chance to defeat MR: 71%)
You fail to use your ability.
The two-headed ogre barely misses you. The two-headed ogre closely misses you.
Press: ? - help, Shift-Dir - straight line, f/p - two-headed ogre
Aim: a two-headed ogre, wielding a giant club and a giant spiked club (chance to defeat MR: 71%)
You fail to use your ability.
The two-headed ogre hits you with a giant club.
* * * LOW HITPOINT WARNING * * *
The two-headed ogre hits you with a giant spiked club!!
You die...

..#####..).......)...######..#
.........................<..##
##...####...................#
#...## #....)........####..#
...## ##..................##
..## #.............<.....###
.## #.............######..##
## ##.....O......# ##..# #
###...@......# ##..
###........# ### ####.[...# #
#..##### ##..# ##..## ##...#
###....# ##......#


You could see a two-headed ogre.

Vanquished Creatures
  A water moccasin (D:7)
  Duvessa (D:7)
  2 orc warriors
  2 ice beasts
  2 sky beasts (D:7)
  6 ogres
  4 necrophages
  2 centaurs
  An elf zombie (D:7)
  2 bullfrogs
  A big kobold (D:7)
  Dowan (D:7)
  2 scorpions
  A wight (D:7)
  A troll skeleton (D:7)
  4 howler monkeys (D:8)
  3 crimson imps
  3 hounds
  2 human zombies (D:7)
  A bullfrog zombie (D:5)
  2 jellies (D:5)
  A centaur skeleton (D:6)
  3 orc priests
  A bullfrog skeleton (D:7)
  A human skeleton (D:7)
  An iguana (D:8)
  5 orc wizards
  4 worker ants
  A killer bee zombie (D:8)
  An ogre zombie (D:7)
  A hound zombie (D:6)
  A hound skeleton (D:8)
  2 mummies (D:7)
  A howler monkey zombie (D:7)
  14 gnolls
  15 adders
  2 shadow imps
  An adder zombie (D:5)
  5 worms
  A dart slug (D:4)
  4 leopard geckos
  22 orcs
  5 giant cockroaches
  9 goblins
  11 hobgoblins
  2 jackals (D:3)
  8 kobolds
  6 quokkas
  A ball python (D:4)
  10 bats
  3 frilled lizards
  A giant cockroach zombie (D:5)
  A leopard gecko zombie (D:8)
  2 orc zombies (D:7)
  9 rats
  A plant (D:3)
200 creatures vanquished.

Vanquished Creatures (collateral kills)
  An orc priest (D:8)
  3 orcs (D:8)
4 creatures vanquished.

Vanquished Creatures (others)
  2 two-headed ogres (D:8)
2 creatures vanquished.

Grand Total: 206 creatures vanquished

Notes
Turn   | Place    | Note
-------+----------+-------------------------------------------
     0 | Abyss:1  | Foic the Troll Abyssal Knight began the quest for the Orb.
     0 | Abyss:1  | Reached XP level 1. HP: 22/22 MP: 1/1
    11 | Abyss:1  | Found an ancient bone altar of Kikubaaqudgha.
    35 | Abyss:1  | Noticed a hellwing
    36 | Abyss:1  | Noticed a quasit
    51 | Abyss:2  | Noticed an ancient lich
    63 | Abyss:2  | Noticed a thrashing horror
    64 | D:1      | Escaped the Abyss
   204 | D:1      | Reached * piety under Lugonu
   233 | D:1      | Reached XP level 2. HP: 29/29 MP: 2/2
   546 | D:1      | Reached XP level 3. HP: 30/36 MP: 3/3
   892 | D:2      | Reached ** piety under Lugonu
   901 | D:2      | Reached skill level 3 in Unarmed Combat
   904 | D:2      | Reached XP level 4. HP: 5/45 MP: 4/4
  1829 | D:3      | Reached XP level 5. HP: 52/53 MP: 5/5
  2032 | D:3      | Reached skill level 4 in Unarmed Combat
  2778 | D:4      | Got an encrusted falchion
  2943 | D:4      | Reached *** piety under Lugonu
  3188 | D:4      | Reached XP level 6. HP: 57/61 MP: 6/6
  3266 | D:4      | Reached skill level 5 in Unarmed Combat
  3633 | D:5      | Entered Level 5 of the Dungeon
  3645 | D:5      | Reached XP level 7. HP: 30/67 MP: 6/8
  3719 | D:5      | Found Cekias's Jewellery Shop.
  3834 | D:5      | Reached skill level 6 in Unarmed Combat
  3932 | D:5      | Found Pius Yss's Jewellery Shoppe.
  4182 | D:5      | Found a sacrificial altar of Ru.
  4199 | D:5      | Reached **** piety under Lugonu
  4255 | D:5      | Found Emicauh's Magic Scroll Shop.
  4402 | D:4      | Found a staircase to the Ecumenical Temple.
  4440 | D:4      | Reached XP level 8. HP: 62/75 MP: 9/9
  4642 | D:4      | Found a hazy altar of Hepliaklqana.
  4722 | D:4      | Reached skill level 7 in Unarmed Combat
  5443 | D:7      | Reached skill level 8 in Unarmed Combat
  5655 | D:7      | Noticed Duvessa
  5657 | D:7      | Noticed Dowan
  5669 | D:7      | Killed Duvessa
  5669 | D:7      | Reached XP level 9. HP: 39/83 MP: 11/11
  5674 | D:7      | Killed Dowan
  5674 | D:7      | Reached skill level 9 in Unarmed Combat
  5839 | D:7      | Reached skill level 5 in Invocations
  6241 | D:7      | Found a burning altar of Makhleb.
  6306 | D:7      | Found a white marble altar of Elyvilon.
  6306 | D:7      | Found an iron altar of Okawaru.
  6312 | D:7      | Found an opulent altar of Gozag.
  6313 | D:7      | Found a shattered altar of Ashenzari.
  6314 | D:7      | Found a sparkling altar of Nemelex Xobeh.
  6316 | D:7      | Found a stormy altar of Qazlal.
  6422 | D:7      | Reached ***** piety under Lugonu
  6466 | D:7      | Found an ancient bone altar of Kikubaaqudgha.
  6472 | D:7      | Reached skill level 10 in Unarmed Combat
  6549 | D:7      | Found a bloodstained altar of Trog.
  6569 | D:7      | Got a polished shield
  6876 | D:8      | Found an ornate altar of the Wu Jian Council.
  7258 | D:8      | Reached skill level 5 in Dodging
  7295 | D:8      | Learned a level 2 spell: Call Imp
  7668 | D:8      | Noticed a two-headed ogre
  7670 | D:8      | Noticed a two-headed ogre
  7673 | D:8      | Banished a two-headed ogre
  7673 | D:8      | Reached XP level 10. HP: 40/92 MP: 13/13
  7727 | D:8      | Banished a two-headed ogre
  7727 | D:8      | Reached skill level 11 in Unarmed Combat
  7960 | D:9      | Noticed a two-headed ogre
  8005 | D:8      | Demolished by a two-headed ogre

Vault maps used:
D:1:      minmay_arrival_arboretum_small
D:3:      wad_woods_settlement, hex_large, chequers_big_river
D:4:      kennysheep_mini, minmay_temple_entry_statues_pillars, eino_curves_01,
          minmay_joined_circles
D:5:      nicolae_ru_great_annihilating_truth, serial_shops,
          nicolae_shop_behind_doors, nicolae_shop_window_shopping, shop,
          first_ration, hangedman_decor_peaks_small
D:6:      serial_bayou_crossing
D:7:      bloody_trog, lemuel_mausoleum_altar_kikubaaqudgha, minitemple,
          kennysheep_small_circle, uniq_duvessa
D:8:      kennysheep_mini_moat
D:9:      lair_entry_dummy, erik_orc_2
Abyss:1:  minivault_23

Skill      XL: |  1  2  3  4  5  6  7  8  9 10 |
---------------+-------------------------------+-----
Dodging        | 2 3 4 5 |  5.1
Fighting       | 3 4 |  4.4
Unarmed Combat | 3 4 5 6 8 10 11 | 11.1
Invocations    | 2 3 4 5 6 |  6.0
Throwing       | |  0.7
Stealth        | |  0.3
Spellcasting   | |  0.3
Summonings     | |  0.3

Action                   |  1- 3 |  4- 6 |  7- 9 | 10-12 || total
-------------------------+-------+-------+-------+-------++-------
Melee: Unarmed           |   106 |   199 |   331 |    19 ||   655
       Punch             |       |     4 |    13 |     1 ||    18
Throw: Stone             |       |     5 |     3 |     3 ||    11
 Cast: Call Imp          |       |       |     2 |       ||     2
Invok: Depart the Abyss  |     1 |       |       |       ||     1
       Banish            |       |       |       |     3 ||     3
  Use: Scroll            |     1 |     1 |    14 |       ||    16
       Potion            |     1 |       |       |       ||     1
 Stab: Sleeping          |       |     2 |       |       ||     2
       Paralysed         |       |       |     1 |       ||     1
       Distracted        |       |       |     1 |       ||     1
  Eat: Chunk             |    14 |    25 |    37 |     4 ||    80
Armor: Robe              |    39 |    57 |    66 |     7 ||   169
Dodge: Dodged            |    61 |    84 |   107 |    15 ||   267

Table legend:
 A = Spawn XP
 B = Non-spawn XP
 C = Spawn XP percentage of total XP
 D = Spawn monster count
 E = Non-spawn monster count
 F = Spawn count percentage of total count
 G = Total turns spent on level
                    A         B        C        D         E        F      G
               +---------+---------+-------+---------+---------+-------+---------
         Total |       0 |    6402 |   0.0 |       0 |     205 |   0.0 |  8005
               +---------+---------+-------+---------+---------+-------+---------
           D:1 |       0 |      43 |   0.0 |       0 |      24 |   0.0 |   675
           D:2 |       0 |     118 |   0.0 |       0 |      27 |   0.0 |   889
           D:3 |       0 |     148 |   0.0 |       0 |      22 |   0.0 |  1338
           D:4 |       0 |     818 |   0.0 |       0 |      34 |   0.0 |  1189
           D:5 |       0 |     628 |   0.0 |       0 |      17 |   0.0 |   762
           D:6 |       0 |     426 |   0.0 |       0 |      10 |   0.0 |   517
           D:7 |       0 |    1984 |   0.0 |       0 |      30 |   0.0 |  1360
           D:8 |       0 |    2187 |   0.0 |       0 |      40 |   0.0 |  1199
           D:9 |       0 |      50 |   0.0 |       0 |       1 |   0.0 |    12
               +---------+---------+-------+---------+---------+-------+---------
